 Dungeon Crawl Stone Soup version 0.19.1-1-g22dce08 (webtiles) character file.

71 Atlantean the Skirmisher (level 4, 0/29 HPs)
             Began as a Gargoyle Fighter on Jan 7, 2017.
             Slain by an ogre
             ... wielding a +0 giant spiked club
              (26 damage)
             ... on level 3 of the Dungeon.
             The game lasted 00:02:32 (1985 turns).

Atlantean the Skirmisher (Gargoyle Fighter)         Turns: 1985, Time: 00:02:33

Health: 0/29       AC: 10    Str: 20    XL:     4   Next: 24%
Magic:  4/4        EV:  8    Int:  9    God:
Gold:   185        SH:  9    Dex:  9    Spells: 0 memorised, 3 levels left

rFire  . . .     SeeInvis .     a - +0 flail
rCold  + . .     Gourm    .     p - +0 ring mail {rC+}
rNeg   + . .     Faith    .     c - +0 shield
rPois  ∞         Spirit   .     (no helmet)
rElec  +         Reflect  .     y - +0 cloak
rCorr  .         Harm     .     (no gloves)
MR     .....                    (no boots)
Stlth  ..........               (no amulet)
                                (no ring)
                                (no ring)

@: no status effects
A: negative energy resistance 1, electricity resistance, unbreathing,
petrification resistance, rot immunity, AC +3
a: no special abilities


You were on level 3 of the Dungeon.
You were not hungry.

You visited 1 branch of the dungeon, and saw 3 of its levels.

You collected 185 gold pieces.

Inventory:

Hand Weapons
 a - a +0 flail (weapon)
Armour
 b - a +0 scale mail
 c - a +0 shield (worn)
 p - a +0 ring mail of cold resistance (worn)
 y - a +0 cloak (worn)
Wands
 w - a wand of slowing (25/48)
Scrolls
 h - a scroll of magic mapping {unknown}
 k - 2 scrolls of noise {unknown}
 m - a scroll of enchant weapon {unknown}
 n - a scroll of remove curse {unknown}
 o - 2 scrolls of teleportation {unknown}
 s - a scroll of random uselessness {unknown}
 x - 5 scrolls of identify {unknown}
 A - 2 scrolls of recharging {unknown}
 B - a scroll of blinking {unknown}
Potions
 d - 2 potions of might
 e - a potion of mutation {unknown}
 g - 2 potions of curing {unknown}
 j - a potion of lignification {unknown}
 l - a potion of agility {unknown}
 r - a potion of heal wounds {unknown}
 u - a potion of ambrosia {unknown}
 v - a potion of resistance {unknown}
Comestibles
 f - 5 bread rations
 i - a beef jerky
 q - a chunk of flesh
 t - 2 meat rations
 z - a slice of pizza


   Skills:
 + Level 4.1 Fighting
 + Level 2.7 Maces & Flails
 + Level 4.0 Armour
 + Level 3.6 Shields


You had 3 spell levels left.
You didn't know any spells.

Dungeon Overview and Level Annotations

Branches:
Dungeon (3/15)

Altars:
Fedhas


Innate Abilities, Weirdness & Mutations

You are resistant to torment.
Your stone body is resilient. (AC +3)
You are immune to poison.
You resist negative energy. (rN+)
You are resistant to electric shocks. (rElec)
You can survive without breathing.
You are immune to petrification.
You are immune to rotting.


Message History

Some of the chunks of flesh in your inventory have rotted away.
You are feeling hungry.
Eating one of 2 chunks of flesh.
You start eating one of the 2 chunks of flesh.
This raw flesh tastes terrible.
Found a stone staircase leading up.
You now have 185 gold pieces (gained 17).
An ogre comes into view. It is wielding a giant spiked club.
The ogre shouts!
You block the ogre's attack.
You barely miss the ogre.
The ogre hits you with a giant spiked club.
You hit the ogre.
The ogre is lightly wounded.
You block the ogre's attack.
You hit the ogre.
The ogre is moderately wounded.
The ogre hits you with a giant spiked club!!
Ouch! That really hurt!
You die...

#........ #.#
######### #.#
###. #.# #...
#.# #... #.#
#... #.# #...
#O#
###########.
#@# #.......#
#. #.#
#.......# #.
#.# #.......#
#) #.#
###.......####
#.#
#.............
#.#
#.#.......####
#.#
#.#.......#
#.#
#.#.......#
#.#
#.#.......#


You could see an ogre.

Vanquished Creatures
  2 adders
  2 dart slugs
  3 leopard geckos
  3 giant cockroaches
  7 goblins
  5 hobgoblins
  4 jackals
  A ball python (D:1)
  6 bats
  2 frilled lizards
  5 kobolds
  4 rats
44 creatures vanquished.

Notes
Turn   | Place    | Note
-------+----------+-------------------------------------------
     0 | D:1      | Atlantean the Gargoyle Fighter began the quest for the Orb.
     0 | D:1      | Reached XP level 1. HP: 14/14 MP: 1/1
   207 | D:1      | Reached XP level 2. HP: 12/19 MP: 2/2
   716 | D:2      | Reached XP level 3. HP: 11/24 MP: 3/3
  1039 | D:2      | Found a blossoming altar of Fedhas.
  1668 | D:3      | Reached XP level 4. HP: 29/29 MP: 4/4
  1979 | D:3      | Noticed an ogre
  1985 | D:3      | Slain by an ogre

Skill      XL: |  1  2  3 |
---------------+----------+-----
Fighting       | 4 |  4.1
Armour         | 4 |  4.0
Maces & Flails | |  2.7
Shields        | |  3.6

Action                   |  1- 3 |  4- 6 || total
-------------------------+-------+-------++-------
Melee: Flail             |   143 |    34 ||   177
  Eat: Chunk             |     3 |     1 ||     4
Armor: Scale mail        |    31 |       ||    31
       Ring mail         |    37 |    18 ||    55
Dodge: Dodged            |    48 |    12 ||    60
Block: Shield            |    71 |    24 ||    95
